 Dungeon Crawl Stone Soup version 0.22.1-2-g9c5b331383 (webtiles) character file.

116123 Jynx the Bewitcher (level 16, -12/67 HPs)
             Began as a Spriggan Enchanter on Nov 27, 2018.
             Was the Champion of Ashenzari.
             Mangled by a hornet (16 damage)
             ... created by a shambling mangrove
             ... while paralysed by a hornet
             ... on level 3 of the Swamp on Nov 28, 2018.
             The game lasted 02:36:42 (38795 turns).

Jynx the Bewitcher (Spriggan Enchanter)            Turns: 38795, Time: 02:36:42

Health: -12/67     AC:  7    Str:  4    XL:     16   Next: 20%
Magic:  40/40      EV:  4    Int: 20    God:    Ashenzari [******]
Gold:   2590       SH:  0    Dex: 20    Spells: 8/36 levels left

rFire    x . .     SeeInvis +   e - +1 dagger (flame) (curse)
rCold    + + .     Gourm    .   (shield restricted)
rNeg     . . .     Faith    .   T - +2 robe {MR+} (curse)
rPois    +         Spirit   .   (helmet restricted)
rElec    +         Reflect  +   R - +2 cloak {rPois} (curse)
rCorr    .         Harm     .   (gloves unavailable)
MR       +++..     Clarity  +   (boots unavailable)
Stlth    +++++.....             p - amulet "Serghopeu" {Reflect rElec rF- rC++ Slay+3 SH+3} (curse)
HPRegen  0.21/turn              C - ring of stealth (curse)
MPRegen  0.27/turn              E - ring of magical power (curse)

@: paralysed, lethally poisoned (-12 -> -17), grasped by roots, very slow
A: very small, unfitting armour, see invisible, herbivore, speed 3, slow
metabolism 2
a: Curse Item, Scrying, Transfer Knowledge, Renounce Religion


You were on level 3 of the Swamp.
You worshipped Ashenzari.
Ashenzari was exalted by your worship.
You were very hungry.

You visited 5 branches of the dungeon, and saw 27 of its levels.
You also visited: Ice Cave.

You collected 2836 gold pieces.
You spent 246 gold pieces at shops.

Inventory:

Hand Weapons
 e - a cursed +1 dagger of flaming (weapon)
Armour
 u - a +2 cloak of invisibility
 v - a +2 robe of fire resistance
 R - a cursed +2 cloak of poison resistance (worn)
 T - a cursed +2 robe of magic resistance (worn)
Jewellery
 p - the cursed amulet "Serghopeu" (around neck) {Reflect rElec rF- rC++ Slay+3 SH+3}
   (You found it on level 4 of the Dungeon)

   [amulet of reflection]

   It shields you and reflects attacks.
   It affects your accuracy and damage with ranged weapons and melee attacks
   (+3).
   It makes you vulnerable to fire.
   It greatly protects you from cold.
   It insulates you from electricity.
   It affects your SH (+3).
   It has a curse placed upon it.
 r - an uncursed ring of flight
 y - an uncursed ring of protection from fire
 C - a cursed ring of stealth (left hand)
 E - a cursed ring of magical power (right hand)
 G - an uncursed amulet of magic regeneration
 K - an uncursed ring of magical power
 P - an uncursed ring of protection from cold
 Q - an uncursed ring of protection from cold
 Y - an uncursed amulet of the acrobat
 Z - an uncursed ring of magical power
Wands
 h - a wand of random effects (37)
 t - a wand of disintegration (22)
 x - a wand of flame (74)
 B - a wand of acid (15)
 D - a wand of digging (64)
 J - a wand of paralysis (18)
 O - a wand of polymorph (21)
 S - a wand of iceblast (17)
Scrolls
 c - 5 scrolls of fog
 j - 16 scrolls of teleportation
 l - 6 scrolls of amnesia
 o - 4 scrolls of remove curse
 w - 6 scrolls of immolation
 A - 5 scrolls of magic mapping
 N - 2 scrolls of enchant armour
 U - a scroll of enchant weapon
 V - 3 scrolls of identify
 W - a scroll of summoning
 X - 2 scrolls of blinking
Potions
 a - 8 potions of curing
 b - a potion of resistance
 f - 3 potions of might
 g - 4 potions of brilliance
 i - 5 potions of agility
 k - 5 potions of haste
 n - a potion of lignification
 q - 3 potions of invisibility
 s - 7 potions of flight
 z - 5 potions of heal wounds
 F - a potion of mutation
 H - 2 potions of ambrosia
 I - a potion of magic
Miscellaneous
 m - a lamp of fire
 L - a sack of spiders
 M - a fan of gales
Comestibles
 d - 25 rations


   Skills:
 - Level 10.9(15.1) Short Blades
 + Level 16.9(19.4) Dodging
 + Level 18.3(20.6) Stealth
 + Level 10.5 Spellcasting
 * Level 18.6(22.2) Hexes
 - Level 9.7(14.0) Translocations
 - Level 12.4(16.5) Evocations


You had 8 spell levels left.
You knew the following spells:

 Your Spells              Type           Power        Failure   Level  Hunger
a - Corona                Hex            #######      0%          1    None
b - Ensorcelled Hibernat  Hex/Ice        ######       1%          2    None
c - Confuse               Hex            #######.     0%          3    None
d - Tukima's Dance        Hex            #######.     0%          3    None
e - Dazzling Spray        Conj/Hex       ######       1%          3    None
f - Cause Fear            Hex            #######...   0%          4    ##.....
g - Slow                  Hex            #######.     0%          2    None
h - Blink                 Tloc           N/A          1%          2    None
i - Discord               Hex            #######...   4%          8    #######

Your spell library contained the following spells:

 Spells                   Type           Power        Failure   Level  Hunger
 Apportation              Tloc           ######       1%          1    None
 Recall                   Summ/Tloc      N/A          1%          3    None
 Darkness                 Hex            #######...   1%          6    ######.
 Beastly Appendage        Tmut           ##....       4%          1    None
 Flame Tongue             Conj/Fire      ##...        4%          1    None
 Magic Dart               Conj           ##..         4%          1    None
 Call Imp                 Summ           ##......     8%          2    None
 Sticks to Snakes         Tmut           ##......     8%          2    None
 Conjure Flame            Conj/Fire      ##......     14%         3    None
 Ignite Poison            Fire/Tmut/Pois ##......     14%         3    None
 Mephitic Cloud           Conj/Pois/Air  ##......     14%         3    None
 Spider Form              Tmut/Pois      ##........   14%         3    None
 Animate Dead             Necr           N/A          43%         4    ##.....
 Ice Form                 Ice/Tmut       ##......     43%         4    ##.....
 Blade Hands              Tmut           ##........   80%         5    ####...
 Borgnjor's Vile Clutch   Necr/Erth      ##........   80%         5    ####...
 Fireball                 Conj/Fire      ##........   80%         5    ####...
 Bolt of Fire             Conj/Fire      ##........   100%        6    ######.
 Death Channel            Necr           ##........   100%        6    ######.
 Poison Arrow             Conj/Pois      ##........   100%        6    ######.
 Simulacrum               Ice/Necr       ##........   100%        6    ######.
 Dragon Form              Tmut           ##........   100%        7    #######
 Ring of Flames           Chrm/Fire      ##........   100%        7    #######
 Chain Lightning          Conj/Air       ##........   100%        8    #######
 Ignition                 Fire           ##........   100%        8    #######
 Lehudib's Crystal Spear  Conj/Erth      ##........   100%        8    #######
 Dragon's Call            Summ           ##........   100%        9    #######
 Fire Storm               Conj/Fire      ##........   100%        9    #######
 Glaciate                 Conj/Ice       ##........   100%        9    #######


Dungeon Overview and Level Annotations

Branches:
Dungeon (15/15)            Temple (1/1) D:7            Lair (6/6) D:9
  Swamp (3/4) Lair:3       Spider (0/4) Lair:3        Slime (0/5) Lair:6
    Orc (2/2) D:11            Elf (0/3) Orc:2        Vaults (0/5) D:14
 Depths (0/5) D:15

Altars:
Ashenzari
Dithmenos
Fedhas
Gozag
Hepliaklqana
Kikubaaqudgha
Makhleb
Nemelex Xobeh
Okawaru
Qazlal
Trog
Vehumet
Wu Jian
Xom
Yredelemnul
Zin
Beogh
Jiyva

Shops:
D:4 *   D:6 [   D:7 [   Orc:2 [((:

Portals:
Trove: D:15 (give +2 crystal plate armour)

Annotations:
D:6 1 runed door
D:12 1 runed door, Jerry's ghost, journeyman TrBe
Lair:6 exclusion: 3 oklob plants


Innate Abilities, Weirdness & Mutations

You are very small and have problems with some larger weapons.
You are too small for most types of armour.
You have supernaturally acute eyesight. (SInv)
You are a herbivore.
You cover ground extremely quickly.
You need to consume almost no food.


Message History

You hit the shambling mangrove but do no damage.
The shambling mangrove is almost destroyed.
Angry insects surge out from beneath the shambling mangrove's foliage!
You hit the shambling mangrove but do no damage.
The shambling mangrove is almost destroyed.
Your unstable footing causes you to fumble your attack.
You hit the shambling mangrove. You burn the shambling mangrove.
The shambling mangrove is almost destroyed.
The hornet barely misses you. The hornet stings you!
You suddenly lose the ability to move!
The hornet stings you. The hornet stings you.
The hornet stings you but does no damage.
The shambling mangrove hits you!!!
Ouch! That really hurt!
* * * LOW HITPOINT WARNING * * *
The hornet stings you!
* * * LOW HITPOINT WARNING * * *
You are lethally poisoned!
The hornet stings you!
You die...

*, ≈≈≈
≈,,**♣...≈≈≈≈.........≈♣> >≈≈ ≈
≈ *♣♣≈.≈≈≈≈≈..§.≈≈..♣♣. , ≈ ≈
,,≈ ♣♣♣.≈≈≈≈...≈≈≈≈...♣♣ ≈
≈≈≈≈♣♣....≈≈......≈....≈♣ {
♣≈≈≈.≈≈≈≈≈≈≈≈≈..≈≈..≈ ≈≈ ≈≈ ≈ ≈
♣.≈≈≈≈≈≈≈≈≈≈≈≈≈≈≈≈≈.≈ ≈≈≈
≈≈≈*♣♣♣.≈≈≈.≈≈≈≈≈≈≈≈≈≈≈.≈
,,≈≈≈≈≈ ≈* ♣yyf≈.≈≈≈≈.♣♣♣....§
≈{ ≈ ,, ♣≈@f.≈≈≈≈≈≈.♣♣..).. ,≈
≈≈ ≈ ≈* ♣.≈y§≈≈≈≈≈≈....≈≈≈. ***
≈ *** ♣.≈≈≈≈≈≈≈≈≈..≈≈≈§≈≈ ≈≈
≈≈≈ ♣♣≈≈≈≈≈≈≈≈....≈≈§≈≈≈
,,,,.≈≈≈ ♣♣.≈≈≈≈≈≈≈≈≈<....≈≈≈≈
≈
≈,.≈≈≈♣♣♣♣♣.≈≈≈≈≈≈≈≈≈≈.≈...≈≈≈≈
*≈.≈.♣....≈≈≈≈≈...≈..§§...≈≈≈≈
, * *♣....†....♣♣♣.≈♣......>..≈
** * ♣♣.≈≈.♣..♣♣♣
♣♣♣♣.≈≈≈≈....≈


You could see 2 shambling mangroves and 3 hornets.

Vanquished Creatures
  Frances (D:12)
  A tengu reaver (D:13)
  A frost giant (IceCv)
  2 orc warlords
  An ettin (Orc:2)
  Snorg (Orc:2)
  A yaktaur captain (D:15)
  A fire dragon (Lair:6)
  3 vault guards (D:14)
  9 hydras
  7 centaur warriors
  3 ghost crabs
  4 two-headed ogres
  Erica (D:8)
  4 alligators
  A tengu warrior (D:13)
  7 death yaks
  Urug (Lair:5)
  A fire crab (Lair:6)
  A skeletal warrior (D:13)
  A spriggan druid (Swamp:3)
  7 swamp dragons
  Pikel (D:3)
  An orc knight (Orc:1)
  2 wolf spiders (Lair:3)
  A wolf spider zombie (D:12)
  4 ugly things
  A deep elf mage (D:14)
  A cyclops (D:13)
  2 orc sorcerers
  A manticore (D:14)
  11 elephants
  Joseph (D:7)
  3 rust devils (D:11)
  An ice statue (IceCv)
  A gargoyle (D:12)
  4 black mambas
  2 molten gargoyles (Lair:6)
  14 spiny frogs
  4 rime drakes
  13 komodo dragons
  A freezing wraith (D:15)
  A yaktaur (D:15)
  2 kobold demonologists
  13 polar bears (IceCv)
  A red devil (D:11)
  3 trolls
  Grinder (D:6)
  6 tyrant leeches
  6 hornets
  17 blink frogs
  9 slime creatures
  Prince Ribbit (Lair:1)
  4 bog bodies
  7 hippogriffs
  5 spriggans
  Sigmund (D:5)
  A vampire (D:14)
  A wraith (D:14)
  A redback (Lair:3)
  64 yaks
  A tarantella (shapeshifter) (D:14)
  4 wyverns
  4 basilisks
  3 hungry ghosts
  14 vampire mosquitoes
  8 insubstantial wisps (Swamp:1)
  12 swamp worms
  A soldier ant (D:14)
  12 water moccasins
  2 wargs (Orc:2)
  An acid dragon (D:15)
  4 hell hounds (Lair:6)
  10 porcupines
  5 swamp drakes
  5 sky beasts
  5 ice beasts
  30 orc warriors
  An eye of draining (D:9)
  10 ogres
  3 phantoms
  4 necrophages
  23 wolves
  10 centaurs
  14 crocodiles
  Blork the orc (D:6)
  2 big kobolds (D:12)
  14 bullfrogs
  A water moccasin zombie (D:12)
  2 wyvern zombies
  A wyvern skeleton (D:15)
  5 scorpions
  12 killer bees
  13 wights
  4 electric eels (D:7)
  2 howler monkeys (D:6)
  3 lava snakes (Lair:6)
  6 crimson imps
  2 centaur zombies
  4 bullfrog skeletons
  A bullfrog zombie (D:5)
  4 jellies
  5 hounds
  23 orc priests
  A gnoll shaman (D:9)
  8 iguanas
  3 centaur skeletons
  6 iron imps (D:11)
  19 orc wizards
  Natasha (thrice) (D:3)
  8 worker ants
  A hell rat (D:9)
  2 hound zombies
  4 worker ant zombies
  5 gnolls
  16 adders
  A river rat (D:9)
  7 shadow imps
  3 oozes
  An adder skeleton (D:4)
  2 dart slugs
  4 worms
  5 leopard geckos
  89 orcs
  2 ball pythons (D:1)
  4 bats
  6 giant cockroaches
  5 goblins
  8 hobgoblins
  12 jackals
  10 quokkas
  8 frilled lizards
  5 kobolds
  A leopard gecko skeleton (D:5)
  A quokka skeleton (D:5)
  12 rats
825 creatures vanquished.

Vanquished Creatures (collateral kills)
  Donald (Orc:2)
  A fire giant (D:13)
  A great orb of eyes (D:13)
  A dancing weapon (Orc:2)
  An ogre mage (D:13)
  6 two-headed ogres
  An orc high priest (Orc:1)
  A spriggan (Swamp:3)
  2 skeletal warriors (D:13)
  An ugly thing (D:13)
  A hornet (Swamp:3)
  12 orc warriors
  4 ogres
  7 wights
  A howler monkey (D:6)
  6 orc wizards
  5 orc priests
  2 gnolls (D:5)
  A leopard gecko (D:6)
  21 orcs
76 creatures vanquished.

Vanquished Creatures (others)
  A two-headed ogre (Orc:1)
  An orc high priest (Orc:1)
  An orc sorcerer (Orc:2)
  5 dancing weapons
  A centaur skeleton (D:4)
  An orc priest (Orc:1)
  A kobold (D:12)
  11 fungi
  9 plants
31 creatures vanquished.

Grand Total: 932 creatures vanquished

Notes
Turn   | Place    | Note
-------+----------+-------------------------------------------
     0 | D:1      | Jynx the Spriggan Enchanter began the quest for the Orb.
     0 | D:1      | Reached XP level 1. HP: 9/9 MP: 5/5
   273 | D:1      | Reached XP level 2. HP: 2/13 MP: 3/6
   847 | D:1      | Learned a level 2 spell: Ensorcelled Hibernation
  1388 | D:2      | Reached XP level 3. HP: 16/16 MP: 8/8
  1551 | D:2      | Learned a level 3 spell: Confuse
  1928 | D:2      | Reached XP level 4. HP: 20/21 MP: 8/10
  1933 | D:2      | Learned a level 3 spell: Tukima's Dance
  1973 | D:2      | Reached skill level 5 in Hexes
  2345 | D:2      | Found a shadowy altar of Dithmenos.
  2894 | D:2      | Reached XP level 5. HP: 22/24 MP: 2/11
  3227 | D:3      | Noticed Natasha
  3779 | D:3      | Killed Natasha
  3825 | D:3      | Noticed Natasha
  3834 | D:3      | Killed Natasha
  4076 | D:3      | Noticed Natasha
  4085 | D:3      | Killed Natasha
  4247 | D:3      | Reached XP level 6. HP: 28/28 MP: 13/13
  4728 | D:4      | Noticed Pikel
  4728 | D:4      | Noticed a slave
  4728 | D:4      | Noticed a slave
  4728 | D:4      | Noticed a slave
  4728 | D:4      | Noticed a slave
  4748 | D:3      | Killed Pikel
  4748 | D:3      | Reached skill level 5 in Spellcasting
  4748 | D:3      | Reached XP level 7. HP: 16/32 MP: 11/16
  4931 | D:4      | Found a basalt altar of Yredelemnul.
  5403 | D:4      | Reached skill level 5 in Short Blades
  5403 | D:4      | Reached XP level 8. HP: 36/36 MP: 15/18
  5505 | D:4      | Found Kaip Zupn's Assorted Antiques.
  5892 | D:4      | Got a vibrating graven amulet
  5893 | D:4      | Identified the amulet "Serghopeu" {Reflect rElec rF- rC++
                  | Slay+3 SH+3} (You found it on level 4 of the Dungeon)
  5952 | D:5      | Entered Level 5 of the Dungeon
  5994 | D:5      | Noticed Sigmund
  6009 | D:5      | Killed Sigmund
  6555 | D:5      | Noticed an air elemental
  6557 | D:5      | Found a stormy altar of Qazlal.
  6642 | D:5      | Reached skill level 10 in Hexes
  6707 | D:5      | Found a blossoming altar of Fedhas.
  7230 | D:6      | Noticed Blork the orc
  7238 | D:6      | Killed Blork the orc
  7238 | D:6      | Reached XP level 9. HP: 33/39 MP: 8/21
  7834 | D:6      | Noticed Grinder
  7900 | D:6      | Killed Grinder
  8185 | D:6      | Found a hazy altar of Hepliaklqana.
  8600 | D:6      | Found a runed door.
  8678 | D:6      | Found Waplodumn's Antique Armour Boutique.
  8687 | D:6      | Bought an embroidered cloak for 165 gold pieces
  8687 | D:6      | Bought an embroidered robe for 81 gold pieces
  9174 | D:7      | Found a staircase to the Ecumenical Temple.
  9201 | Temple   | Entered the Ecumenical Temple
  9218 | Temple   | Became a worshipper of Ashenzari the Shackled
  9610 | D:7      | Noticed Joseph
  9620 | D:7      | Killed Joseph
  9626 | D:7      | Learned a level 3 spell: Dazzling Spray
  9733 | D:7      | Found an ornate altar of the Wu Jian Council.
 10154 | D:7      | Reached XP level 10. HP: 33/44 MP: 15/24
 10379 | D:7      | Found Xuvug's Armour Emporium.
 10418 | D:7      | Reached skill level 5 in Stealth
 10482 | D:7      | Found an opulent altar of Gozag.
 10712 | D:8      | Noticed Erica
 11096 | D:8      | Reached skill level 1 in Evocations
 11400 | D:8      | Killed Erica
 11400 | D:8      | Reached skill level 5 in Dodging
 12151 | D:9      | Noticed a brown ugly thing
 12152 | D:9      | Killed a brown ugly thing
 12344 | D:9      | Noticed a death yak
 12721 | D:9      | Noticed a death yak
 12910 | D:9      | Reached skill level 10 in Short Blades
 12948 | D:9      | Noticed a death yak
 13358 | D:9      | Found a staircase to the Lair.
 13361 | D:9      | Reached * piety under Ashenzari
 13366 | Lair:1   | Entered Level 1 of the Lair of Beasts
 13389 | Lair:1   | Reached XP level 11. HP: 47/47 MP: 19/25
 13660 | Lair:1   | Found a labyrinth entrance.
 13845 | Lair:1   | Reached skill level 5 in Evocations
 13893 | Lair:1   | Noticed Prince Ribbit
 14124 | Lair:1   | Killed Prince Ribbit
 14590 | Lair:2   | Reached ** piety under Ashenzari
 14745 | Lair:2   | Noticed a five-headed hydra
 14765 | Lair:2   | Killed a five-headed hydra
 14961 | Lair:2   | Reached skill level 10 in Stealth
 15980 | Lair:3   | Reached skill level 10 in Dodging
 16080 | Lair:3   | Reached XP level 12. HP: 51/51 MP: 26/26
 16416 | Lair:3   | Found a hole to the Spider Nest.
 17046 | Lair:3   | Found a staircase to the Swamp.
 17059 | Lair:3   | Reached skill level 10 in Evocations
 17062 | Lair:3   | Reached *** piety under Ashenzari
 17681 | Lair:3   | Identified a scroll of acquirement
 17681 | Lair:3   | Identified the Handbook of the Traveller and Bewitchment
                  | (You acquired it on level 3 of the Lair of Beasts)
 17896 | Lair:4   | Reached **** piety under Ashenzari
 18943 | Lair:5   | Reached XP level 13. HP: 52/55 MP: 6/27
 19166 | Lair:5   | Noticed Urug
 19219 | Lair:5   | Killed Urug
 20702 | Lair:6   | Entered Level 6 of the Lair of Beasts
 20859 | Lair:6   | Reached ***** piety under Ashenzari
 20859 | Lair:6   | Found a staircase to the Slime Pits.
 20860 | Lair:6   | Found a viscous altar of Jiyva.
 20876 | Lair:6   | Learned a level 4 spell: Cause Fear
 21016 | Lair:6   | Found a large runed door.
 21017 | Lair:6   | Noticed a fire dragon
 21935 | Lair:6   | Found a large runed door.
 22037 | Lair:6   | Killed a fire dragon
 22324 | D:9      | Found an opulent altar of Gozag.
 22444 | D:9      | Reached skill level 15 in Stealth
 22621 | D:9      | Learned a level 2 spell: Slow
 22624 | D:9      | Learned a level 2 spell: Blink
 23241 | D:10     | Entered Level 10 of the Dungeon
 24584 | D:11     | Found a glowing silver altar of Zin.
 24631 | D:11     | Found a basalt altar of Yredelemnul.
 24681 | D:11     | Reached skill level 15 in Hexes
 24797 | D:11     | Found a staircase to the Orcish Mines.
 24801 | D:11     | Reached XP level 14. HP: 59/59 MP: 19/28
 25398 | Orc:1    | Entered Level 1 of the Orcish Mines
 25510 | Orc:1    | Found a frozen archway.
 25515 | Orc:1    | Reached skill level 1 in Translocations
 25519 | IceCv    | Entered an ice cave
 26661 | IceCv    | Noticed a frost giant
 26693 | IceCv    | Killed a frost giant
 26693 | IceCv    | Reached skill level 5 in Translocations
 27375 | Orc:1    | Reached ****** piety under Ashenzari
 27475 | Orc:2    | Entered Level 2 of the Orcish Mines
 27515 | Orc:2    | Found a shimmering altar of Xom.
 27522 | Orc:2    | Noticed Donald
 27768 | D:12     | Noticed Frances
 27772 | D:12     | Killed Frances
 27842 | D:12     | Reached skill level 15 in Dodging
 28281 | D:12     | Found a runed door.
 28283 | D:12     | Noticed Jerry's ghost (journeyman TrBe)
 28637 | D:13     | Noticed a tengu reaver
 28697 | D:13     | Noticed a fire giant
 28742 | D:13     | Killed a fire giant
 29370 | D:13     | Killed a tengu reaver
 29503 | D:13     | Reached XP level 15. HP: 45/63 MP: 29/29
 30281 | D:14     | Found a sparkling altar of Nemelex Xobeh.
 30599 | D:14     | Identified the +3 ring mail of the Pleiades {Str+3 SInv}
 30700 | D:14     | Found a gate to the Vaults.
 30730 | D:14     | Learned a level 8 spell: Discord
 30886 | D:14     | Found an iron altar of Okawaru.
 31415 | D:15     | Entered Level 15 of the Dungeon
 31754 | D:15     | Found a staircase to the Depths.
 31818 | D:15     | Identified the +9 battleaxe of the Blind Eye {drain, +Inv
                  | rPois MR+ Str-2}
 31833 | D:15     | Found a portal to a secret trove of treasure.
 32326 | Orc:2    | Found a roughly hewn altar of Beogh.
 32351 | Orc:2    | Found Fiocufom's Weapon Boutique.
 32513 | Orc:2    | Found a roughly hewn altar of Beogh.
 32554 | Orc:2    | Found Paeden's Book Emporium.
 32577 | Orc:2    | Found a roughly hewn altar of Beogh.
 32645 | Orc:2    | Found a staircase to the Elven Halls.
 32748 | Orc:2    | Found a roughly hewn altar of Beogh.
 32868 | Orc:2    | Killed Donald
 33136 | Orc:2    | Found a roughly hewn altar of Beogh.
 33466 | Orc:2    | Noticed Snorg
 33473 | Orc:2    | Killed Snorg
 33511 | Orc:2    | Found a roughly hewn altar of Beogh.
 33860 | Orc:2    | Noticed an orc warlord
 33906 | Orc:2    | Killed an orc warlord
 34044 | Orc:2    | Found Kewarghat's Antique Weapon Shop.
 34044 | Orc:2    | Found a roughly hewn altar of Beogh.
 34047 | Orc:2    | Found Irorir's Antique Armour Boutique.
 34480 | Orc:1    | Found a transporter.
 34486 | Orc:1    | Identified the amulet "Joawi" {Reflect MP+9 Dex-3 SH+3 SInv
                  | Stlth+}
 34498 | Orc:1    | Noticed an orc warlord
 34506 | Orc:1    | Found a transporter.
 34582 | Orc:1    | Found a roughly hewn altar of Beogh.
 34587 | Orc:1    | Killed an orc warlord
 34614 | Orc:1    | HP: 2/63 [stone giant/large rock (40)]
 35004 | Swamp:1  | Entered Level 1 of the Swamp
 35114 | Swamp:1  | Identified the ring of Gashriklu {rElec rN+ EV+3 Dex-4}
 35606 | Swamp:1  | Reached skill level 10 in Spellcasting
 36432 | Swamp:2  | HP: 3/63 [spectral tyrant leech[a ghost crab] (4)]
 36588 | Swamp:2  | Reached XP level 16. HP: 34/67 MP: 31/31
 38794 | Swamp:3  | Paralysed by a hornet for 2 turns
 38795 | Swamp:3  | Mangled by a hornet

Skill      XL: |  1  2  3  4  5  6  7  8  9 10 11 12 13 14 15 |
---------------+----------------------------------------------+-----
Hexes          | 4 5 6 8 10 12 13 15 16 18 | 18.6
Spellcasting   | 3 4 5 6 7 9 10 | 10.5
Short Blades   | 2 3 4 5 6 8 10 | 10.9
Stealth        | 8 11 13 15 16 18 | 18.3
Dodging        | 6 10 12 14 15 16 | 16.9
Evocations     | 4 8 11 12 | 12.4
Translocations | 9 |  9.7

Action                   |  1- 3 |  4- 6 |  7- 9 | 10-12 | 13-15 | 16-18 || total
-------------------------+-------+-------+-------+-------+-------+-------++-------
Melee: Dagger            |   118 |   214 |   372 |   674 |  1575 |   101 ||  3054
 Cast: Corona            |     8 |    11 |    20 |    37 |    31 |       ||   107
       Confuse           |     1 |    18 |    39 |   221 |   410 |    58 ||   747
       Ensorcelled Hiber |       |    15 |    15 |     4 |     1 |       ||    35
       Tukima's Dance    |       |       |    22 |       |    53 |     6 ||    81
       Dazzling Spray    |       |       |       |     8 |    79 |    19 ||   106
       Slow              |       |       |       |       |     1 |       ||     1
       Cause Fear        |       |       |       |       |     3 |     1 ||     4
       Discord           |       |       |       |       |     3 |       ||     3
       Blink             |       |       |       |       |       |     2 ||     2
Invok: Curse Item        |       |       |       |     5 |     3 |       ||     8
       Scrying           |       |       |       |       |     1 |       ||     1
  Use: Scroll            |     3 |     6 |     6 |    10 |    17 |       ||    42
       Potion            |       |       |       |     1 |     2 |       ||     3
 Stab: Sleeping          |    12 |    13 |    18 |    32 |    89 |     1 ||   165
       Distracted        |     1 |       |     1 |       |    16 |       ||    18
       Confused          |       |    11 |    28 |   114 |   213 |    30 ||   396
       Invisible         |       |       |       |     3 |    17 |       ||    20
       Fleeing           |       |       |       |       |     1 |       ||     1
  Eat: Ration            |       |     2 |     3 |     5 |    11 |     1 ||    22
Armor: Robe              |    22 |     5 |    20 |    13 |    35 |     4 ||    99
Dodge: Dodged            |    85 |   138 |   159 |   275 |   898 |    65 ||  1620
Block: Other             |       |       |    24 |    20 |   105 |     3 ||   152
       Reflection        |       |       |       |       |     7 |       ||     7
